 Dungeon Crawl Stone Soup version 0.32-a0-42-ga30500b4d3 (webtiles) character file.

Game seed: 196768468440596935

1000 sastreii the Grasshopper (level 8, -13/63 HPs)
             Began as a Gnoll Warper on Feb 2, 2024.
             Was an Initiate of Okawaru.
             Succumbed to a water moccasin's poison
             ... on level 5 of the Dungeon.
             The game lasted 00:18:14 (4398 turns).

sastreii the Grasshopper (Gnoll Warper)             Turns: 4398, Time: 00:18:15

Health: -13/63     AC: 11    Str: 17    XL:     8   Next: 19%
Magic:  17/17      EV: 12    Int: 11    God:    Okawaru [......]
Gold:   303        SH:  0    Dex:  9    Spells: 17/19 levels left

rFire   . . .        t - +0 arbalest (flame)
rCold   + . .        (shield currently unavailable)
rNeg    . . .        r - +0 ring mail
rPois   .            (no helmet)
rElec   .            (no cloak)
rCorr   .            k - +0 pair of gloves
SInv    .            (no boots)
Will    .....        (no amulet)
Stlth   +            q - +4 ring of protection
HPRegen 0.30/turn    (no ring)
MPRegen 0.15/turn

%: no passive effects
@: lethally poisoned (-13 -> -61)
A: fangs 1, strong nose, distributed training, clumsy 1, cold resistance 1,
strong 1, inability to read after injury 1
a: Renounce Religion


You were on level 5 of the Dungeon.
You worshipped Okawaru.
Okawaru was noncommittal.
You visited 1 branch of the dungeon, and saw 5 of its levels.
You also visited: Sewer.

You collected 303 gold pieces.

Inventory:

Hand Weapons
 t - a +0 arbalest of flaming (weapon)
Missiles
 b - 6 poisoned darts
Armour
 k - a +0 pair of gloves (worn)
 n - an orb of light
 r - a +0 ring mail (worn)
Jewellery
 q - a +4 ring of protection (left hand)
Scrolls
 a - a scroll of butterflies {unknown}
 c - a scroll of blinking
 e - 2 scrolls of poison {unknown}
 g - a scroll of revelation {unknown}
 m - a scroll of teleportation
 s - a scroll of noise {unknown}


   Skills:
 + Level 5.6 Fighting
 + Level 3.1 Short Blades
 + Level 3.1 Long Blades
 + Level 3.1 Axes
 + Level 3.1 Maces & Flails
 + Level 5.6 Polearms
 + Level 3.1 Staves
 + Level 3.1 Ranged Weapons
 + Level 4.1 Throwing
 + Level 4.1 Armour
 + Level 5.6 Dodging
 + Level 3.1 Stealth
 + Level 3.1 Shields
 + Level 3.1 Unarmed Combat
 + Level 6.0 Spellcasting
 + Level 2.5 Conjurations
 + Level 2.5 Hexes
 + Level 2.5 Summonings
 + Level 2.5 Necromancy
 + Level 6.1 Translocations
 + Level 2.5 Fire Magic
 + Level 2.5 Ice Magic
 + Level 2.5 Air Magic
 + Level 2.5 Earth Magic
 + Level 2.5 Alchemy
 + Level 3.5 Invocations
 + Level 3.1 Evocations
 + Level 2.8 Shapeshifting


You had 17 spell levels left.
You knew the following spells:

 Your Spells              Type           Power      Damage    Failure   Level
a - Blink                 Tloc           32%        N/A       4%          2

Your spell library contained the following spells:

 Spells                   Type           Power      Damage    Failure   Level
 Lesser Beckoning         Tloc           32%        N/A       4%          2
 Teleport Other           Tloc           16%        N/A       9%          3
 Ensorcelled Hibernation  Hex/Ice        16%        N/A       19%         2
 Manifold Assault         Tloc           16%        N/A       26%         4
 Fugue of the Fallen      Necr           8%         N/A       34%         3
 Vhi's Electric Charge    Tloc/Air       24%        N/A       50%         4
 Anguish                  Hex/Necr       4%         N/A       75%         4


Dungeon Overview and Level Annotations

Branches:
Dungeon (5/15)              Sewer (visited)
 Temple: D:4-7

Altars:
Fedhas
Okawaru
The Shining One

Shops:
D:2 :


Innate Abilities, Weirdness & Mutations

You have very sharp teeth.
Your uncanny sense of smell can sniff out nearby items.
Your experience applies equally to all skills.
You are clumsy. (Dex -2)
Your flesh is cold resistant. (rC+)
Your muscles are strong. (Str +4, Int/Dex -1)
You occasionally lose the ability to read scrolls when taking damage.


Message History

You feel better.
The water moccasin bites you but does no damage.
The water moccasin barely misses you.
You shoot a bolt. The bolt misses the water moccasin.
An orc wizard appears from thin air!
Reactivating autopickup.
The water moccasin closely misses you.
The orc wizard casts a spell.
The orc wizard flickers and vanishes!
Deactivating autopickup; reactivate with Ctrl-A.
The water moccasin closely misses you.
You shoot a bolt.
The bolt barely misses the water moccasin.
The water moccasin bites you.
You are poisoned.
The water moccasin poisons you! The water moccasin bites you.
You are more poisoned.
The water moccasin poisons you! The water moccasin bites you.
You are lethally poisoned!
The water moccasin poisons you!
You shoot a bolt.
The bolt closely misses the water moccasin.
* * * LOW HITPOINT WARNING * * *
You feel extremely sick. The water moccasin bites you.
* * * LOW HITPOINT WARNING * * *
The water moccasin bites you.
* * * LOW HITPOINT WARNING * * *
You are more poisoned.
The water moccasin poisons you!
You aren't carrying any potions.
You are too injured to fight recklessly!
You are too injured to fight recklessly!
Fire: t) +0 arbalest (flame)
Press: ? - help, Q - select action, (/) - cycle Shift-Dir - straight line, f/p - water moccasin
Aim: a water moccasin (heavily wounded, 26% to hit)
You shoot a bolt. The bolt hits the water moccasin!
The bolt burns the water moccasin.
The water moccasin is almost dead.
You die...

#####
#...###########
#.#.#.........#
#.#.#.......#.# ∆
#####.#.#####.....#
#..S@.#.....#.#.####
#o#########.#......#
#.# #.#.#...##


oo. #.#..<..# ...) #)####.## ...... #......# #...... ######## +....... You could
see a water moccasin and an orc.

Vanquished Creatures
  Grinder (D:3)
  Eustachio (D:5)
  An ogre (D:4)
  A crocodile (Sewer)
  A brain worm (Sewer)
  2 hounds (D:4)
  An orc priest (D:4)
  Jessica (D:3)
  2 iguanas (D:4)
  Natasha (twice) (D:3)
  An orc wizard (D:4)
  5 gnolls (D:2)
  2 adders (D:3)
  3 dart slugs (D:1)
  26 orcs
  7 endoplasms
  3 giant cockroaches
  11 hobgoblins
  4 jackals (D:3)
  4 quokkas
  3 ball pythons
  9 bats
  3 frilled lizards
  8 goblins
  12 kobolds
  7 rats
121 creatures vanquished.

Notes
Turn   | Place    | Note
-------+----------+-------------------------------------------
     0 | D:1      | sastreii the Gnoll Warper began the quest for the Orb.
     0 | D:1      | Reached XP level 1. HP: 20/20 MP: 6/6
    86 | D:1      | Reached XP level 2. HP: 19/26 MP: 7/7
   339 | D:1      | Found a faded altar of an unknown god.
   452 | D:2      | Reached skill level 5 in Spellcasting
   452 | D:2      | Reached XP level 3. HP: 17/31 MP: 7/9
   553 | D:1      | Reached skill level 1 in Invocations
   852 | D:1      | Reached skill level 1 in Short Blades
   852 | D:1      | Reached skill level 1 in Long Blades
   852 | D:1      | Reached skill level 1 in Axes
   852 | D:1      | Reached skill level 1 in Maces & Flails
   852 | D:1      | Reached skill level 1 in Staves
   852 | D:1      | Reached skill level 1 in Ranged Weapons
   852 | D:1      | Reached skill level 1 in Stealth
   852 | D:1      | Reached skill level 1 in Shields
   852 | D:1      | Reached skill level 1 in Unarmed Combat
   852 | D:1      | Reached skill level 1 in Evocations
  1252 | D:2      | Reached skill level 1 in Shapeshifting
  1252 | D:2      | Reached XP level 4. HP: 38/38 MP: 11/11
  1397 | D:2      | Reached skill level 1 in Conjurations
  1397 | D:2      | Reached skill level 1 in Hexes
  1397 | D:2      | Reached skill level 1 in Summonings
  1397 | D:2      | Reached skill level 1 in Necromancy
  1397 | D:2      | Reached skill level 1 in Fire Magic
  1397 | D:2      | Reached skill level 1 in Ice Magic
  1397 | D:2      | Reached skill level 1 in Air Magic
  1397 | D:2      | Reached skill level 1 in Earth Magic
  1397 | D:2      | Reached skill level 1 in Alchemy
  1545 | D:2      | Learned a level 2 spell: Blink
  1640 | D:2      | Found Yssocs's Book Shoppe.
  1838 | D:3      | Noticed Jessica
  1845 | D:3      | Killed Jessica
  1846 | D:3      | Reached XP level 5. HP: 33/43 MP: 12/12
  1969 | D:3      | Found a glowing golden altar of the Shining One.
  2022 | D:3      | Noticed Grinder
  2320 | D:3      | Noticed Natasha
  2342 | D:3      | Killed Natasha
  2682 | D:3      | Reached XP level 6. HP: 50/50 MP: 13/13
  2855 | D:3      | Noticed Natasha
  2865 | D:3      | Killed Natasha
  2908 | D:3      | Killed Grinder
  2909 | D:3      | Reached skill level 5 in Fighting
  2909 | D:3      | Reached skill level 5 in Polearms
  2909 | D:3      | Reached skill level 5 in Dodging
  2909 | D:3      | Reached XP level 7. HP: 48/56 MP: 15/15
  3399 | D:4      | Found a glowing drain.
  3404 | Sewer    | Entered a sewer
  3492 | Sewer    | Gained mutation: Your muscles are strong. (Str +4, Int/Dex
                  | -1) [potion of mutation]
  3492 | Sewer    | Gained mutation: You occasionally lose the ability to read
                  | scrolls when taking damage. [potion of mutation]
  3492 | Sewer    | Gained mutation: You have sharp fingernails. [potion of
                  | mutation]
  3492 | Sewer    | Gained mutation: You have a pair of small horns on your
                  | head. [potion of mutation]
  3513 | Sewer    | Lost mutation: You have a pair of small horns on your head.
                  | [potion of mutation]
  3513 | Sewer    | Lost mutation: You have sharp fingernails. [potion of
                  | mutation]
  3513 | Sewer    | Gained mutation: You are clumsy. (Dex -2) [potion of
                  | mutation]
  3513 | Sewer    | Gained mutation: Your flesh is cold resistant. (rC+)
                  | [potion of mutation]
  3984 | D:4      | Reached XP level 8. HP: 47/63 MP: 16/16
  4077 | D:4      | Found an iron altar of Okawaru.
  4077 | D:4      | Found a blossoming altar of Fedhas.
  4085 | D:4      | Became a worshipper of Warmaster Okawaru
  4317 | D:5      | Entered Level 5 of the Dungeon
  4336 | D:5      | Noticed Eustachio
  4343 | D:5      | Killed Eustachio
  4398 | D:5      | Succumbed to a water moccasin's poison

Illustrated notes

Levels and vault maps discovered:
D:1:      onia_arrival_mini_maze_b, layout_loops_ring,
          shapermc_ecumenical_altar_pompeii, minivault_26
D:2:      layout_basic, serial_shops, nicolae_shop_window_shopping,
          dreamdust_mushroom_princess, minmay_misc_feat_more_columns,
          minmay_misc_feat_ornament, minmay_misc_feat_tower,
          minmay_misc_feat_four_crosses
D:3:      layout_loops_ring, nicolae_tso_swordbearing_angel,
          minmay_goblin_outpost, uniq_grinder, uniq_jessica, uniq_natasha
D:4:      layout_gridville, amethyst_overflow_temple_binary,
          portal_sewer_entry_e, eino_small_chamber_without_monster,
          nicolae_concentric_dashed_squares_mild
D:5:      layout_basic, uniq_menkaure, uniq_eustachio, uniq_prince_ribbit1

Skill      XL: |  1  2  3  4  5  6  7  8 |
---------------+-------------------------+-----
Spellcasting   | 5 6 |  6.0
Invocations    | 1 2 3 |  3.5
Short Blades   | 1 2 3 |  3.1
Long Blades    | 1 2 3 |  3.1
Axes           | 1 2 3 |  3.1
Maces & Flails | 1 2 3 |  3.1
Staves         | 1 2 3 |  3.1
Ranged Weapons | 1 2 3 |  3.1
Stealth        | 1 2 3 |  3.1
Shields        | 1 2 3 |  3.1
Unarmed Combat | 1 2 3 |  3.1
Evocations     | 1 2 3 |  3.1
Shapeshifting  | 1 2 |  2.8
Conjurations   | 1 2 |  2.5
Hexes          | 1 2 |  2.5
Summonings     | 1 2 |  2.5
Necromancy     | 1 2 |  2.5
Fire Magic     | 1 2 |  2.5
Ice Magic      | 1 2 |  2.5
Air Magic      | 1 2 |  2.5
Earth Magic    | 1 2 |  2.5
Alchemy        | 1 2 |  2.5
Throwing       | 3 4 |  4.1
Armour         | 3 4 |  4.1
Fighting       | 5 |  5.6
Polearms       | 5 |  5.6
Dodging        | 5 |  5.6
Translocations | 6 |  6.1

Action                     |  1- 3 |  4- 6 |  7- 9 || total
---------------------------+-------+-------+-------++-------
  Melee: Spear             |   139 |   188 |       ||   327
         Bite              |     9 |    20 |       ||    29
         Punch             |       |     3 |       ||     3
   Fire: Arbalest          |       |    51 |   120 ||   171
  Throw: Dart              |     3 |       |     5 ||     8
   Cast: Blink             |       |       |     2 ||     2
    Use: Scroll            |     1 |       |     4 ||     5
         Potion            |       |       |     9 ||     9
   Stab: Sleeping          |     1 |       |       ||     1
 Armour: Leather armour    |    57 |    57 |       ||   114
         Ring mail         |       |    57 |    66 ||   123
  Dodge: Dodged            |    94 |   111 |    72 ||   277

Table legend: (Time is in decaauts)
 A = Elapsed time spent in this place.
 B = Non-inter-level travel time spent in this place.
 C = Inter-level travel time spent in this place.
 D = Time resting spent in this place.
 E = Time spent auto-exploring this place.
 F = Levels seen in this place.
 G = Mean time per level.
                   A        B        C        D        E       F      G
               +--------+--------+--------+--------+--------+-----+--------+
         Total |   4492 |   4197 |    295 |    259 |   2778 |   6 |  748.7 |
       Dungeon |   4223 |   3928 |    295 |    259 |   2648 |   5 |  844.6 |
         Sewer |    269 |    269 |      0 |      0 |    130 |   1 |  269.0 |
               +--------+--------+--------+--------+--------+-----+--------+

Top non-repeatable levels by time:
     D:4: 1128 daAuts
     D:3: 1080 daAuts
     D:1: 1077 daAuts
     D:2: 841 daAuts
   Sewer: 269 daAuts
     D:5: 95 daAuts
